AoeStats
← Rumcajs

Black Forest

509921280Analyzed
4v4 RM · 3d ago on Sep 28, 2026· 47m 3s· 8 players
Game mode
Random Map
Map size
Large (8 player)
Population
200
Speed
Normal
Resources
Standard
Victory
Conquest
Starting age
Dark Age
Ending age
Imperial Age
RankedLock teamsTeams togetherTeam positionsShared explorationLock speedFull tech treeHidden civsTurbo modeCheats
Victory
Defeat
🇨🇦 Poles · Canada
1518
+14
🇩🇪 Chinese · Germany
1493
+15
🇩🇪 Wei · Germany
1453
+17
🇩🇪 Goths · Germany
1437
+17
🇬🇧 Cumans · United Kingdom
1536
-19
🇸🇪 Maya · Sweden
1490
-17
🇩🇪 Byzantines · Germany
1455
-15
🇵🇱 Burmese · Poland
1390
-12
amonxzol
0:45 Loom
9:06 Feudal Age
11:08 Double-Bit Axe
13:08 Horse Collar
19:47 Castle Age
18:32 Scale Barding Armor
18:44 Gold Mining
22:24 Forging
23:09 Chain Barding Armor
26:21 Bloodlines
27:33 Wheelbarrow
32:29 Imperial Age
30:16 Hand Cart
29:47 Town Watch
30:38 Iron Casting
34:29 Blast Furnace
33:29 Cavalier
33:50 Light Cavalry
35:11 Plate Barding Armor
34:35 Fletching
36:21 Paladin
38:56 Conscription
xGusZx24
0:32 Loom
11:17 Feudal Age
12:11 Double-Bit Axe
15:04 Castle Age
16:13 Bow Saw
17:28 Fletching
17:27 Town Watch
21:54 Bodkin Arrow
22:00 Padded Archer Armor
23:34 Ballistics
27:13 Horse Collar
35:45 Imperial Age
33:32 Leather Archer Armor
35:48 Thumb Ring
36:31 Bracer
37:02 Ring Archer Armor
37:33 Chemistry
36:59 Conscription
36:45 Elite Plumed Archer
38:42 Scale Mail Armor
38:52 Forging
38:03 Pikeman
38:44 Squires
38:29 Arson
41:36 Halberdier
44:04 Chain Mail Armor
44:24 Iron Casting
45:32 Plate Mail Armor
Ficki-T-E
1:22 Loom
10:03 Feudal Age
10:55 Double-Bit Axe
15:07 Fletching
21:35 Horse Collar
24:56 Castle Age
Rumcajs
11:06 Feudal Age
11:25 Loom
12:26 Man-at-Arms
13:47 Forging
13:37 Scale Mail Armor
16:12 Loom
22:17 Castle Age
21:25 Arson
21:59 Bloodlines
21:43 Gold Mining
21:38 Horse Collar
22:52 Long Swordsman
30:28 Iron Casting
30:08 Chain Mail Armor
32:01 Wheelbarrow
32:34 Chain Mail Armor
40:09 Fortified Wall
43:29 Imperial Age
41:36 Husbandry
43:33 Two-Handed Swordsman
44:48 Plate Mail Armor
45:18 Blast Furnace
44:26 Squires
44:27 Champion
Chili
0:26 Loom
11:16 Feudal Age
11:20 Man-at-Arms
15:56 Scale Mail Armor
18:48 Forging
19:29 Double-Bit Axe
21:01 Town Watch
26:21 Castle Age
24:35 Horse Collar
24:46 Gold Mining
25:05 Double-Bit Axe
26:18 Stone Mining
26:30 Long Swordsman
27:31 Chain Mail Armor
28:37 Iron Casting
32:07 Wheelbarrow
33:37 Pikeman
40:40 Imperial Age
40:47 Two-Handed Swordsman
42:37 Blast Furnace
42:22 Onager
43:34 Two-Handed Swordsman
44:49 Champion
orangefaser
0:35 Loom
10:26 Feudal Age
11:15 Double-Bit Axe
11:13 Horse Collar
13:06 Gold Mining
17:26 Castle Age
15:52 Stone Mining
37:12 Wheelbarrow
38:02 Gold Shaft Mining
38:37 Caravan
39:44 Hand Cart
40:22 Hand Cart
45:31 Imperial Age
45:35 Bow Saw
tschipe2_0
0:36 Loom
10:40 Feudal Age
14:20 Castle Age
12:08 Double-Bit Axe
15:49 Bow Saw
19:21 Horse Collar
20:39 Stone Mining
22:02 Wheelbarrow
23:11 Heavy Plow
24:50 Fletching
25:17 Gold Mining
26:28 Scale Mail Armor
26:41 Forging
26:37 Squires
26:23 Arson
27:41 Chain Mail Armor
28:30 Iron Casting
31:20 Imperial Age
29:20 Bodkin Arrow
30:01 Hand Cart
30:58 Padded Archer Armor
31:14 Town Watch
32:13 Leather Archer Armor
32:33 Conscription
32:45 Plate Mail Armor
33:16 Blast Furnace
31:46 Elite Fire Lancer
33:51 Ballistics
34:32 Chemistry
33:34 Bracer
37:27 Elite Chu Ko Nu
38:41 Ring Archer Armor
39:27 Bombard Tower
41:54 Masonry
championqc82
4:41 Loom
11:13 Feudal Age
15:12 Castle Age
13:06 Double-Bit Axe
13:02 Horse Collar
17:11 Wheelbarrow
17:16 Bow Saw
17:07 Heavy Plow
23:32 Hand Cart
24:32 Stone Mining
24:51 Scale Barding Armor
25:43 Gold Mining
26:27 Chain Barding Armor
26:58 Bloodlines
27:07 Szlachta Privileges
27:29 Husbandry
27:40 Forging
29:52 Iron Casting
32:46 Imperial Age
31:49 Stone Shaft Mining
32:48 Cavalier
34:44 Blast Furnace
34:19 Crop Rotation
35:15 Conscription
42:48 Chemistry
41:28 Treadmill Crane
Connection lost

Rejoining the realm…

Still unreachable

The connection could not be restored.

Session expired

The server has moved on; the page needs a fresh start.